 Dungeon Crawl Stone Soup version 0.27.0-1-g7a089689b8 (webtiles) character file.

Game seed: 16810844195340622369

85018 freelancePsychic the Thaumaturge (level 15, 0/127 HPs)
             Began as a Gnoll Conjurer on Aug 4, 2021.
             Was the Champion of Ashenzari.
             Slain by a sun demon (16 damage)
             ... summoned by an orc sorcerer
             ... while paralysed by an orc sorcerer
             ... on level 2 of the Orcish Mines.
             The game lasted 00:59:12 (30270 turns).

freelancePsychic the Thaumaturge (Gnoll Conjurer)  Turns: 30270, Time: 00:59:12

Health: 0/127      AC: 17    Str:  7    XL:     15   Next: 82%
Magic:  14/34      EV:  2    Int: 22    God:    Ashenzari [******]
Gold:   2097       SH:  0    Dex: 12    Spells: 28/45 levels left

rFire    . . .     SeeInvis +   a - staff of conjuration (curse) {Self, Elem}
rCold    + . .     Faith    .   f - +0 buckler "Annoyance of Ashenzari" {Bglg, Fort} (curse)
rNeg     . . .     Spirit   .   K - +5 steam dragon scales of the Lashed Sun {Elem, Melee} (curse)
rPois    .         Reflect  .   Q - +0 helmet of Ashenzari's Prison {Cun, Melee} (curse)
rElec    .         Harm     .   V - +2 cloak of the Lashed Abstinence {rC+, Alch, Bglg} (curse)
rCorr    .         Rampage  .   B - +2 pair of gloves "Behold Eternity" {Elem, Range} (curse)
Will     +....     Clarity  +   c - +2 pair of boots of Ashenzari's Repose {Self, Elem} (curse)
Stlth    ++++++....             G - amulet of the Stellar Foul Odors {Acrobat, Cun, Comp} (curse)
HPRegen  0.31/turn              n - ring "Prescient Soothsayer" {AC+4, Fort, Comp} (curse)
MPRegen  0.24/turn              z - ring of the Bound Regret {Wiz, Bglg, Evo} (curse)

@: paralysed, corroded, very slightly contaminated, invisible
A: fangs 1, strong nose, distributed training
a: Renounce Religion, Shatter the Chains


You were on level 2 of the Orcish Mines.
You worshipped Ashenzari.
Ashenzari was exalted by your worship.
You visited 4 branches of the dungeon, and saw 20 of its levels.
You also visited: Sewer, Bailey, Ice Cave and Volcano.

You collected 2322 gold pieces.
You spent 225 gold pieces at shops.

Inventory:

Missiles
 b - 8 throwing nets
Armour
 c - the cursed +2 pair of boots of Ashenzari's Repose (worn) {Self, Elem}
   (You found it on level 5 of the Lair of Beasts)

   It has a curse which improves the following skills: Introspection: Fighting
   and Spellcasting.
   Elements:  Fire Magic, Ice Magic, Air Magic and Earth Magic.
 f - the cursed +0 buckler "Annoyance of Ashenzari" (worn) {Bglg, Fort}
   (You found it on level 2 of the Dungeon)

   It has a curse which improves the following skills: Beguiling: Conjurations,
   Hexes and Translocations.
   Fortitude: Armour and Shields.
 B - the cursed +2 pair of gloves "Behold Eternity" (worn) {Elem, Range}
   (You found it on level 7 of the Dungeon)

   It has a curse which improves the following skills: Elements: Fire Magic, Ice
   Magic, Air Magic and Earth Magic.
   Ranged Combat: Slings, Bows, Crossbows and Throwing.
 F - a +0 kite shield
 K - the cursed +5 steam dragon scales of the Lashed Sun (worn) {Elem, Melee}
   (You found it on level 8 of the Dungeon)

   It has a curse which improves the following skills: Elements: Fire Magic, Ice
   Magic, Air Magic and Earth Magic.
   Melee Combat: Short Blades, Long Blades, Axes, Maces & Flails, Polearms,
   Staves and Unarmed Combat.
 M - a +3 ring mail of fire resistance
 Q - the cursed +0 helmet of Ashenzari's Prison (worn) {Cun, Melee}
   (You found it on level 2 of the Lair of Beasts)

   It has a curse which improves the following skills: Cunning: Dodging and
   Stealth.
   Melee Combat: Short Blades, Long Blades, Axes, Maces & Flails, Polearms,
   Staves and Unarmed Combat.
 U - a +1 helmet
 V - the cursed +2 cloak of the Lashed Abstinence (worn) {rC+, Alch, Bglg}
   (You found it in an ice cave)

   It has a curse which improves the following skills: Alchemy: Poison Magic and
   Transmutations.
   Beguiling: Conjurations, Hexes and Translocations.
 Y - +0 ice dragon scales
Magical Staves
 a - a cursed staff of conjuration (weapon) {Self, Elem}
Jewellery
 n - the cursed ring "Prescient Soothsayer" (left hand) {AC+4, Fort, Comp}
   (You found it on level 4 of the Dungeon)

   [ring of protection]

   AC:        It affects your AC (+4).
   It has a curse which improves the following skills: Fortitude: Armour and
   Shields.
   Companions: Summonings and Necromancy.
 y - the ring "Wadwoth" {Fly rPois Will- Str+2 Dex+8}
   (You found it on level 6 of the Lair of Beasts)

   [ring of flight]

   Str:       It affects your strength (+2).
   Dex:       It affects your dexterity (+8).
   rPois:     It protects you from poison.
   Fly:       It grants you flight.
   Will:      It decreases your willpower.
 z - the cursed ring of the Bound Regret (right hand) {Wiz, Bglg, Evo}
   (You found it on level 6 of the Dungeon)

   [ring of wizardry]

   It improves your spell success rate.
   It has a curse which improves the following skills: Beguiling: Conjurations,
   Hexes and Translocations.
   Evocations: Evocations.
 G - the cursed amulet of the Stellar Foul Odors (around neck) {Acrobat, Cun, Comp}
   (You found it on level 8 of the Dungeon)

   [amulet of the acrobat]

   It increases your evasion while moving and waiting.
   It has a curse which improves the following skills: Cunning: Dodging and
   Stealth.
   Companions: Summonings and Necromancy.
 N - an amulet of reflection
 W - the ring of the Peculiar Lives {Ice Will+ rCorr}
   (You took it off a reaper in an ice cave)

   [ring of ice]

   It enhances your ice magic.
   rF:        It makes you vulnerable to fire.
   rC:        It protects you from cold.
   rCorr:     It protects you from acid and corrosion.
   Will:      It increases your willpower.
Wands
 k - a wand of digging (9)
 l - a wand of iceblast (18)
 s - a wand of flame (48)
 C - a wand of polymorph (5)
 D - a wand of mindburst (21)
 L - a wand of paralysis (18)
 S - a wand of acid (7)
Scrolls
 d - 5 scrolls of teleportation {@r4}
 i - 2 scrolls of torment
 q - a scroll of fear
 r - a scroll of holy word
 u - 2 scrolls of fog
 v - a scroll of immolation
 w - 3 scrolls of blinking
 E - 2 scrolls of silence
 P - 4 scrolls of enchant weapon
 R - 2 scrolls of amnesia
 T - 2 scrolls of magic mapping
 Z - 2 scrolls of enchant armour
Potions
 e - 11 potions of curing {@q1}
 g - a potion of resistance
 h - 3 potions of lignification
 j - 6 potions of degeneration
 m - a potion of brilliance
 o - 4 potions of haste {@q3}
 p - 2 potions of magic
 t - 6 potions of flight
 x - 3 potions of might
 A - 4 potions of mutation
 H - 3 potions of cancellation
 J - 3 potions of ambrosia
 O - 7 potions of heal wounds {@q2}
Miscellaneous
 I - a tin of tremorstones (2/2)
 X - a condenser vane


   Skills:
 + Level 10.3(14.6) Fighting
 + Level 10.3(14.6) Short Blades
 + Level 10.3(14.6) Long Blades
 + Level 10.3(14.6) Axes
 + Level 10.3(14.6) Maces & Flails
 + Level 10.3(14.6) Polearms
 + Level 10.3(14.6) Staves
 + Level 10.3(13.1) Slings
 + Level 10.3(13.1) Bows
 + Level 10.3(13.1) Crossbows
 + Level 10.3(13.1) Throwing
 + Level 10.3(14.6) Armour
 + Level 11.2(15.4) Dodging
 + Level 11.1(15.3) Stealth
 + Level 10.3(14.6) Shields
 + Level 10.3(14.6) Unarmed Combat
 + Level 11.3(15.5) Spellcasting
 + Level 11.1(16.6) Conjurations
 + Level 8.7(14.3) Hexes
 + Level 8.7(13.1) Summonings
 + Level 8.7(13.1) Necromancy
 + Level 8.7(14.3) Translocations
 + Level 8.7(11.6) Transmutations
 + Level 8.7(15.4) Fire Magic
 + Level 8.7(15.4) Ice Magic
 + Level 8.7(15.4) Air Magic
 + Level 8.7(15.4) Earth Magic
 + Level 8.7(11.6) Poison Magic
 + Level 11.2 Invocations
 + Level 10.3(13.1) Evocations


You had 28 spell levels left.
You knew the following spells:

 Your Spells              Type           Power      Damage    Failure   Level
a - Magic Dart            Conj           100%       1d8       0%          1
b - Searing Ray           Conj           100%       3d7       0%          2
c - Iskenderun's Mystic   Conj/Tloc      91%        2d18      1%          4
d - Olgreb's Toxic Radia  Pois           62%        N/A       1%          4
e - Invisibility          Hex            34%        N/A       1%          6

Your spell library contained the following spells:

 Spells                   Type           Power      Damage    Failure   Level
 Animate Skeleton         Necr           100%       N/A       0%          1
 Apportation              Tloc           100%       N/A       0%          1
 Corona                   Hex            76%        N/A       0%          1
 Pain                     Necr           100%       1d9       0%          1
 Shock                    Conj/Air       100%       1d9       0%          1
 Corpse Rot               Necr/Air       N/A        N/A       0%          2
 Ensorcelled Hibernation  Hex/Ice        100%       N/A       0%          2
 Passwall                 Tmut/Erth      55%        N/A       0%          2
 Poisonous Vapours        Pois/Air       100%       N/A       0%          2
 Slow                     Hex            69%        N/A       0%          2
 Dazzling Flash           Conj/Hex       100%       N/A       0%          3
 Swiftness                Air            71%        N/A       0%          3
 Sting                    Tmut/Pois      100%       1d8       1%          1
 Confusing Touch          Hex            69%        N/A       1%          3
 Tukima's Dance           Hex            69%        N/A       1%          3
 Vampiric Draining        Necr           33%        2d10      1%          3
 Fulminant Prism          Conj/Hex       45%        3d21      1%          4
 Alistair's Intoxication  Tmut/Pois      41%        N/A       1%          5


Dungeon Overview and Level Annotations

Branches:
Dungeon (11/15)            Temple (1/1) D:4            Lair (6/6) D:9
 Shoals (0/4) Lair:4       Spider (0/4) Lair:2        Slime (0/5) Lair:5
    Orc (2/2) D:11            Elf (0/3) Orc:2         Sewer (visited)
 Bailey (visited)           IceCv (visited)         Volcano (visited)

Altars:
Ashenzari
Dithmenos
Elyvilon
Fedhas
Gozag
Hepliaklqana
Kikubaaqudgha
Makhleb
Nemelex Xobeh
Okawaru
Qazlal
Ru
Sif Muna
Uskayaw
Vehumet
Wu Jian
Yredelemnul
The Shining One
Beogh
Jiyva
Lugonu

Shops:
D:4 ?   D:8 (   Orc:2 ?*=(

Annotations:
D:4 2 runed translucent doors, Wyvernaa's ghost, novice GrFi
D:8 4 runed translucent doors
D:11 3 runed translucent doors, Ariptu's ghost, journeyman MiFi
Lair:3 exclusion: 3 oklob plants


Innate Abilities, Weirdness & Mutations

You have very sharp teeth.
Your uncanny sense of smell can sniff out nearby items.
Your experience applies equally to all skills.


Message History

The orc knight barely misses you. The rust devil completely misses you.
You catch the helpless rust devil completely off-guard!
You hit the rust devil.
You blast the rust devil!
The rust devil is moderately wounded.
The orc sorcerer looks as sick as possible!
The orc knight barely misses you.
You barely miss the rust devil.
The rust devil is moderately wounded.
The orc sorcerer looks as sick as possible!
The orc high priest looks even sicker.
You block the rust devil's attack.
The orc sorcerer gestures wildly while chanting.
You catch the helpless orc knight completely off-guard!
You hit the orc knight but do no damage.
You blast the orc knight!
The orc knight is heavily wounded.
The orc sorcerer looks even sicker.
Your toxic aura wanes.
The orc knight roars a battlecry!
The orc high priest goes into a battle-frenzy!
The rust devil closely misses you.
You catch the helpless orc knight completely off-guard!
You hit the orc knight.
You blast the orc knight.
The orc knight is severely wounded.
The orc sorcerer casts a spell at you.
You suddenly lose the ability to move!
The orc knight hits you with a +0 battleaxe!
You kill the orc sorcerer!
The rust devil hits you. The rust devil corrodes you!
The orc knight hits you but does no damage.
The rust devil hits you. The rust devil corrodes you!
The orc knight hits you with a +0 battleaxe!
The rust devil hits you. The rust devil corrodes you!
The orc knight hits you with a +0 battleaxe!!
* * * LOW HITPOINT WARNING * * *
The rust devil barely misses you. The sun demon hits you.
* * * LOW HITPOINT WARNING * * *
You are engulfed in flames!
* * * LOW HITPOINT WARNING * * *
The rust devil hits you. The rust devil corrodes you! The sun demon hits you!
You die...

,, {, , ,,,,,,{, ,, ,* * * *{, ,
,,##...#... {,,, *,* {, {,
###..###... *,,,, , , * { ,{,
,###..#####o## ,,{ ,, ** **,,,
###..###.####..,, , * *
,{###..###...###.o *** , *
#####..###.#.#.###.{* ** ,,*
######..###...#).3###** *,* *
#####..###...###@4o## , ,,
####..###...##.##o..#* ,, , , ,*
###........##6..##o3.# *,, , ,*
##...)#)..##oo#..##...# *>,, ,
#...#....##.o###..##.#.#
∩.#..)..##.{#{ *,,,)... *, ,,
.)))#..##.{{.{.∩ * ,...,* , ,
∩.#..)..##{.#∩.#* , ....*##......
#...#.)..##..###.,*#)#.*##.......


You could see 2 orc knights, 2 orc high priests, a sun demon (summoned), a gelid
demonspawn (wandering, icemail), a rust devil, a neqoxec (summoned), 2 orc
sorcerers and an orc (asleep).

Vanquished Creatures
  A reaper (IceCv)
  8 hydras
  A catoblepas (Lair:6)
  An ice dragon (Lair:6)
  A two-headed ogre (D:8)
  11 death yaks
  2 orc high priests (Orc:2)
  2 lindwurms (Lair:6)
  An anaconda skeleton (Volcano)
  3 orc knights
  An orc sorcerer (Orc:2)
  A wolf spider (Lair:6)
  An orb spider (Lair:2)
  2 cyclopes
  A manticore (Lair:5)
  16 elephants
  4 black mambas (Lair:6)
  2 ice statues (IceCv)
  A merfolk siren (Lair:4)
  6 torpor snails
  A smoke demon (Orc:2)
  13 cane toads
  3 gargoyles (Volcano)
  6 rime drakes
  13 komodo dragons
  A freezing wraith (IceCv)
  2 anaconda simulacra (IceCv)
  10 ice devils
  A queen bee (Lair:5)
  3 meliai (Lair:5)
  3 tyrant leeches (Lair:6)
  7 hornets
  2 merfolk (Lair:4)
  11 polar bears
  A harpy skeleton (Volcano)
  5 trolls
  17 blink frogs
  18 dream sheep
  3 flying skulls (Volcano)
  A vampire (D:9)
  A shadow (D:8)
  8 wyverns
  3 hogs (Lair:5)
  A human (Lair:5)
  32 yaks
  7 basilisks
  3 steam dragons
  3 vampire mosquitoes (D:10)
  A death yak simulacrum (IceCv)
  5 wargs
  An acid dragon (D:8)
  19 water moccasins
  17 hell hounds (Lair:6)
  2 ice beasts (D:8)
  30 orc warriors
  A sky beast (D:6)
  14 black bears
  A necrophage (D:7)
  2 ogres (Orc:2)
  2 centaurs
  32 wolves
  A phantom (D:5)
  Blork the orc (D:6)
  16 bullfrogs
  A wyvern zombie (D:4)
  2 scorpions
  10 gnoll sergeants
  A two-headed ogre simulacrum (IceCv)
  A wyvern skeleton (D:6)
  A water moccasin skeleton (D:6)
  33 killer bees (Lair:5)
  A wight (D:8)
  5 howler monkeys
  A troll skeleton (Volcano)
  3 electric eels
  7 centaur zombies
  A wyvern simulacrum (D:8)
  4 hounds
  8 gnoll shamans
  14 orc priests
  3 iguanas
  12 orc wizards
  A hell rat (Lair:5)
  3 polar bear simulacra (IceCv)
  A spriggan simulacrum (IceCv)
  3 troll simulacra (IceCv)
  A wolf simulacrum (IceCv)
  A killer bee zombie (D:8)
  A naga skeleton (Volcano)
  A howler monkey zombie (D:7)
  A killer bee simulacrum (D:8)
  31 gnolls
  A howler monkey skeleton (D:6)
  8 adders
  5 naga simulacra (IceCv)
  2 shadow imps
  10 white imps
  3 ufetubi
  6 worms
  4 dart slugs
  51 orcs
  15 bats
  9 endoplasms
  7 giant cockroaches
  3 goblins
  4 hobgoblins
  20 jackals
  11 kobolds
  8 quokkas
  6 ball pythons
  4 frilled lizards (D:1)
  7 rats
726 creatures vanquished.

Vanquished Creatures (collateral kills)
  A hog (Lair:5)
  4 white imps (Lair:5)
5 creatures vanquished.

Vanquished Creatures (others)
  Kirke (Lair:5)
  A yak (Lair:5)
  A human (Lair:5)
  A white imp (IceCv)
  A bush (Lair:6)
  45 fungi
  118 plants
168 creatures vanquished.

Grand Total: 899 creatures vanquished

Notes
Turn   | Place    | Note
-------+----------+-------------------------------------------
     0 | D:1      | freelancePsychic the Gnoll Conjurer began the quest for the
                  | Orb.
     0 | D:1      | Reached XP level 1. HP: 13/13 MP: 6/6
   204 | D:1      | Reached XP level 2. HP: 19/19 MP: 3/7
   556 | D:1      | Learned a level 2 spell: Searing Ray
   704 | D:1      | Reached XP level 3. HP: 25/25 MP: 7/9
   851 | D:1      | Reached skill level 5 in Spellcasting
  1109 | D:1      | Reached skill level 1 in Invocations
  1713 | D:2      | Found a faded altar of an unknown god.
  1727 | D:2      | Reached skill level 1 in Fighting
  1727 | D:2      | Reached skill level 1 in Short Blades
  1727 | D:2      | Reached skill level 1 in Long Blades
  1727 | D:2      | Reached skill level 1 in Axes
  1727 | D:2      | Reached skill level 1 in Maces & Flails
  1727 | D:2      | Reached skill level 1 in Polearms
  1727 | D:2      | Reached skill level 1 in Staves
  1727 | D:2      | Reached skill level 1 in Slings
  1727 | D:2      | Reached skill level 1 in Bows
  1727 | D:2      | Reached skill level 1 in Crossbows
  1727 | D:2      | Reached skill level 1 in Throwing
  1727 | D:2      | Reached skill level 1 in Armour
  1727 | D:2      | Reached skill level 1 in Shields
  1727 | D:2      | Reached skill level 1 in Unarmed Combat
  1727 | D:2      | Reached skill level 1 in Evocations
  1877 | D:2      | Reached XP level 4. HP: 32/32 MP: 8/11
  2553 | D:3      | Found a sacrificial altar of Ru.
  2614 | D:3      | Reached skill level 1 in Hexes
  2614 | D:3      | Reached skill level 1 in Summonings
  2614 | D:3      | Reached skill level 1 in Necromancy
  2614 | D:3      | Reached skill level 1 in Translocations
  2614 | D:3      | Reached skill level 1 in Transmutations
  2614 | D:3      | Reached skill level 1 in Fire Magic
  2614 | D:3      | Reached skill level 1 in Ice Magic
  2614 | D:3      | Reached skill level 1 in Air Magic
  2614 | D:3      | Reached skill level 1 in Earth Magic
  2614 | D:3      | Reached skill level 1 in Poison Magic
  2905 | D:3      | Reached XP level 5. HP: 37/37 MP: 9/12
  3477 | D:4      | Found a blossoming altar of Fedhas.
  3599 | D:4      | Found an iron altar of Okawaru.
  3642 | D:4      | Found a basalt altar of Yredelemnul.
  3744 | D:4      | Reached XP level 6. HP: 44/44 MP: 7/13
  4356 | D:4      | Reached skill level 5 in Dodging
  4474 | D:4      | Found a staircase to the Ecumenical Temple.
  4492 | Temple   | Entered the Ecumenical Temple
  4510 | Temple   | Became a worshipper of Ashenzari the Shackled
  4549 | D:4      | Found a glowing golden altar of the Shining One.
  4733 | D:4      | Found Nato's Magic Scroll Shop.
  5078 | D:4      | Found an opulent altar of Gozag.
  5135 | D:4      | Found a hazy altar of Hepliaklqana.
  5179 | D:4      | Found a large runed translucent door.
  5180 | D:4      | Found a large runed translucent door.
  5182 | D:4      | Noticed Wyvernaa's ghost (novice GrFi)
  5236 | D:5      | Entered Level 5 of the Dungeon
  5242 | D:5      | Reached XP level 7. HP: 50/50 MP: 11/15
  5309 | D:5      | Found a hide-covered altar of Uskayaw.
  5492 | D:5      | Noticed a yak
  5493 | D:5      | Noticed a yak
  5493 | D:5      | Noticed a yak
  5493 | D:5      | Noticed a yak
  5505 | D:5      | Noticed a yak
  5506 | D:5      | Noticed a yak
  5509 | D:5      | Killed a yak
  5510 | D:5      | Reached skill level 5 in Stealth
  6074 | D:5      | Killed a yak
  6079 | D:5      | Killed a yak
  6080 | D:5      | Reached XP level 8. HP: 47/58 MP: 2/16
  6542 | D:5      | Found a radiant altar of Vehumet.
  6874 | D:6      | Found a shadowy altar of Dithmenos.
  7244 | D:6      | Learned a level 4 spell: Iskenderun's Mystic Blast
  7249 | D:6      | Learned a level 4 spell: Olgreb's Toxic Radiance
  7280 | D:6      | Noticed Blork the orc
  7288 | D:6      | Killed Blork the orc
  7333 | D:6      | Identified the +0 pair of gloves "Surot" {rF- Str+5}
  7396 | D:6      | Found a glowing drain.
  7408 | Sewer    | Entered a sewer
  7505 | Sewer    | Reached * piety under Ashenzari
  7664 | Sewer    | Reached XP level 9. HP: 65/65 MP: 16/18
  8369 | D:6      | Found a shimmering blue altar of Sif Muna.
  8376 | D:6      | Reached ** piety under Ashenzari
  9887 | D:7      | Reached skill level 5 in Invocations
 10194 | D:8      | Noticed a two-headed ogre
 10203 | D:8      | Killed a two-headed ogre
 10204 | D:8      | Reached skill level 5 in Fighting
 10204 | D:8      | Reached skill level 5 in Short Blades
 10204 | D:8      | Reached skill level 5 in Long Blades
 10204 | D:8      | Reached skill level 5 in Axes
 10204 | D:8      | Reached skill level 5 in Maces & Flails
 10204 | D:8      | Reached skill level 5 in Polearms
 10204 | D:8      | Reached skill level 5 in Staves
 10204 | D:8      | Reached skill level 5 in Slings
 10204 | D:8      | Reached skill level 5 in Bows
 10204 | D:8      | Reached skill level 5 in Crossbows
 10204 | D:8      | Reached skill level 5 in Throwing
 10204 | D:8      | Reached skill level 5 in Armour
 10204 | D:8      | Reached skill level 5 in Shields
 10204 | D:8      | Reached skill level 5 in Unarmed Combat
 10204 | D:8      | Reached skill level 5 in Evocations
 10204 | D:8      | Reached XP level 10. HP: 74/74 MP: 2/20
 10310 | D:8      | Found a stormy altar of Qazlal.
 10369 | D:8      | Found a burning altar of Makhleb.
 10369 | D:8      | Noticed a green death
 10514 | D:8      | Found Ishrot's Antique Weapon Boutique.
 10620 | D:8      | Reached *** piety under Ashenzari
 10830 | D:8      | Found a large runed translucent door.
 10830 | D:8      | Found a large runed translucent door.
 10834 | D:8      | Noticed a boulder beetle
 10835 | D:8      | Noticed a boulder beetle
 10884 | D:8      | Found a large runed translucent door.
 10884 | D:8      | Found a large runed translucent door.
 11243 | D:8      | Noticed a cyclops
 11252 | D:8      | Killed a cyclops
 11533 | D:8      | Paralysed by a hornet for 2 turns
 11917 | D:8      | Identified the +1 chain mail of Kiangul {Harm Int+2}
 12131 | D:9      | Found a staircase to the Lair.
 12298 | D:9      | Reached XP level 11. HP: 81/81 MP: 15/22
 12642 | D:8      | Reached **** piety under Ashenzari
 12988 | D:9      | Reached skill level 5 in Hexes
 12988 | D:9      | Reached skill level 5 in Summonings
 12988 | D:9      | Reached skill level 5 in Necromancy
 12988 | D:9      | Reached skill level 5 in Translocations
 12988 | D:9      | Reached skill level 5 in Transmutations
 12988 | D:9      | Reached skill level 5 in Fire Magic
 12988 | D:9      | Reached skill level 5 in Ice Magic
 12988 | D:9      | Reached skill level 5 in Air Magic
 12988 | D:9      | Reached skill level 5 in Earth Magic
 12988 | D:9      | Reached skill level 5 in Poison Magic
 14055 | Lair:1   | Entered Level 1 of the Lair of Beasts
 14195 | Lair:1   | Found a dark tunnel.
 14200 | Volcano  | Entered a volcano
 14749 | Volcano  | Noticed a skeletal warrior
 14754 | Volcano  | Noticed a skeletal warrior
 15381 | Lair:1   | Learned a level 6 spell: Invisibility
 15568 | Lair:1   | Reached XP level 12. HP: 87/95 MP: 14/26
 16203 | Lair:2   | Noticed a four-headed hydra
 16429 | Lair:2   | Killed a four-headed hydra
 17062 | Lair:2   | Found a hole to the Spider Nest.
 17721 | Lair:3   | Identified the ring "Ogirpheug" {rPois rF+}
 18257 | Lair:3   | Noticed a seven-headed hydra
 19052 | Lair:3   | Killed a seven-headed hydra
 19053 | Lair:3   | Reached XP level 13. HP: 87/103 MP: 20/28
 19793 | Lair:4   | Found a staircase to the Shoals.
 20030 | Lair:5   | Noticed Kirke
 20033 | Lair:5   | Found a frozen archway.
 20060 | Lair:5   | Killed Kirke
 20135 | IceCv    | Entered an ice cave
 20468 | IceCv    | Reached skill level 10 in Conjurations
 21290 | IceCv    | Identified the ring of the Peculiar Lives {Ice Will+ rCorr}
 21290 | IceCv    | Noticed a reaper
 21891 | IceCv    | Killed a reaper
 22273 | Lair:5   | Reached skill level 10 in Spellcasting
 22660 | Lair:5   | Reached XP level 14. HP: 103/113 MP: 22/30
 22677 | Lair:5   | Reached skill level 10 in Dodging
 22986 | Lair:5   | Reached skill level 10 in Stealth
 23159 | Lair:5   | Identified the Grimoire of Flight
 23491 | Lair:5   | Found a staircase to the Slime Pits.
 23491 | Lair:5   | Found a viscous altar of Jiyva.
 23709 | Lair:5   | Reached skill level 10 in Invocations
 24195 | Lair:6   | Entered Level 6 of the Lair of Beasts
 24314 | Lair:6   | Identified the Compendium of Floating Evil Secrets
 25018 | Lair:6   | Reached ***** piety under Ashenzari
 25065 | Lair:6   | Reached XP level 15. HP: 104/121 MP: 20/32
 25566 | Lair:6   | Found a runed translucent door.
 25633 | Lair:6   | Paralysed by a hornet for 1 turns
 26256 | Lair:6   | Reached skill level 10 in Fighting
 26256 | Lair:6   | Reached skill level 10 in Short Blades
 26256 | Lair:6   | Reached skill level 10 in Long Blades
 26256 | Lair:6   | Reached skill level 10 in Axes
 26256 | Lair:6   | Reached skill level 10 in Maces & Flails
 26256 | Lair:6   | Reached skill level 10 in Polearms
 26256 | Lair:6   | Reached skill level 10 in Staves
 26256 | Lair:6   | Reached skill level 10 in Slings
 26256 | Lair:6   | Reached skill level 10 in Bows
 26256 | Lair:6   | Reached skill level 10 in Crossbows
 26256 | Lair:6   | Reached skill level 10 in Throwing
 26256 | Lair:6   | Reached skill level 10 in Armour
 26256 | Lair:6   | Reached skill level 10 in Shields
 26256 | Lair:6   | Reached skill level 10 in Unarmed Combat
 26256 | Lair:6   | Reached skill level 10 in Evocations
 26276 | Lair:6   | Identified the ring "Wadwoth" {Fly rPois Will- Str+2 Dex+8}
 27433 | D:10     | Entered Level 10 of the Dungeon
 28106 | D:11     | Found a flagged portal.
 28112 | Bailey   | Entered a bailey
 28556 | D:11     | Found a staircase to the Orcish Mines.
 28619 | D:11     | Found a runed translucent gate.
 28622 | D:11     | Noticed Ariptu's ghost (journeyman MiFi)
 28623 | D:11     | Found a runed translucent gate.
 28624 | D:11     | Found a runed translucent gate.
 28626 | D:11     | Identified the +0 hat "Menutew" {-Tele rElec rN+}
 29125 | D:4      | Bought 3 scrolls of enchant armour for 225 gold pieces
 29343 | Lair:5   | Reached ****** piety under Ashenzari
 29522 | Orc:1    | Entered Level 1 of the Orcish Mines
 29764 | Orc:2    | Entered Level 2 of the Orcish Mines
 30087 | Orc:2    | Found Puddunut's General Store.
 30088 | Orc:2    | Found Beac's Magic Scroll Emporium.
 30123 | Orc:2    | Found Odokaq's Antique Weapon Boutique.
 30159 | Orc:2    | Found Ybluduufu's Jewellery Shop.
 30265 | Orc:2    | Paralysed by an orc sorcerer for 7 turns
 30270 | Orc:2    | Slain by a sun demon

Illustrated notes

Levels and vault maps discovered:
D:1:      minmay_arrival_five_plusses, layout_basic, serial_bayou_lagoon_a,
          minmay_misc_feat_roman, palyth_stone_intersect, nrook_uturn,
          minmay_quantized
D:2:      layout_loops_ring, ebering_ecumenical_altar_hall, cheibrodos_gnoll_hut
D:3:      wander_river, layout_basic, nicolae_overflow_crystal_walls,
          serial_bayou_pond_e, kennysheep_potato
D:4:      layout_loops_ring, mainiacjoe_overflow_catwalk,
          mainiacjoe_overflow_tiny_flanked, grunt_gozag_statues,
          kennysheep_mini, mainiacjoe_overflow_small_starburst,
          nzn_hepliaklqana_mist_gate, minmay_temple_entry_grid, serial_shops,
          nicolae_shop_waterfront, ebering_ghost_disaster_area,
          minmay_fountain_box, grunt_ministairs_1
D:5:      layout_loops_ring, mainiacjoe_overflow_chevrons, lemuel_tele_altar,
          hangedman_decor_clover_reticule
D:6:      layout_loops_ring, mainiacjoe_overflow_alcove_4, lemuel_crystal_altar,
          gup_sewer_entry_pipe, uniq_blork_the_orc
D:7:      layout_loops_corners
D:8:      wad_cavern_with_rooms, layout_loops_ring,
          nicolae_qazlal_scattered_showers, makhleb_altar_promises_db,
          serial_shops, nicolae_shop_stone, serial_ice, serial_ice_d,
          serial_ice_c, serial_ice_j, serial_ice_a,
          minmay_hollow_rounded_squares
D:9:      layout_layer_cave, minmay_lair_entry_grove, kennysheep_pointless_box
D:10:     layout_irregular_city, grunt_decor_arrowhead, serial_park_tiny_2,
          minmay_misc_feat_tower, minmay_misc_feat_secret_circle,
          minmay_splitting_lines, minmay_misc_feat_room, serial_park_tiny_pond
D:11:     layout_irregular_city, orc_0_dummy, biasface_ghost_orc_armoury,
          enter_bailey_2
Temple:   kb_corrupted_temple
Lair:1:   layout_gridlike, nicolae_volcano_entry_s_turn,
          chequers_serial_rivers_large_a, st_stairs_3, minivault_26,
          small_statue_intersection, minivault_11, beast_lair_carwin_7
Lair:2:   beast_lair_carwin_large_2, layout_chaotic_city,
          nicolae_spider_entry_orb_guardian, chequers_serial_rivers_micro_d,
          serial_bayou_shore_b, infiniplex_staircase_pool, grunt_megastairs_4
Lair:3:   layout_hall_layers, grunt_megastairs_1, minmay_lair_oklob_chamber,
          serial_bayou_shore_b
Lair:4:   layout_gridlike, elwin_shoals_entry_rooms, grunt_megastairs_3,
          infiniplex_staircase_pool_2
Lair:5:   regret_index_bee_streams, layout_loops_ring, slime_altar_1,
          portal_ice_cave_entry_imps, nicolae_quartered_pool_super,
          serial_bayou_pond_b, uniq_kirke
Lair:6:   wormcave, layout_loops_ring, hangedman_lair_caniforms_friends,
          minivault_25
Orc:1:    layout_diamond_mine, uniq_erica, uniq_maurice
Orc:2:    pf_orc_diabolical, layout_caves, nicolae_orc_stony_grotto

Skill      XL: |  1  2  3  4  5  6  7  8  9 10 11 12 13 14 15 |
---------------+----------------------------------------------+-----
Spellcasting   | 5 6 7 8 9 10 11 | 11.3
Invocations    | 1 2 3 4 5 6 7 8 9 10 11 | 11.2
Fighting       | 1 2 3 5 6 7 8 9 10 | 10.3
Short Blades   | 1 2 3 5 6 7 8 9 10 | 10.3
Long Blades    | 1 2 3 5 6 7 8 9 10 | 10.3
Axes           | 1 2 3 5 6 7 8 9 10 | 10.3
Maces & Flails | 1 2 3 5 6 7 8 9 10 | 10.3
Polearms       | 1 2 3 5 6 7 8 9 10 | 10.3
Staves         | 1 2 3 5 6 7 8 9 10 | 10.3
Slings         | 1 2 3 5 6 7 8 9 10 | 10.3
Bows           | 1 2 3 5 6 7 8 9 10 | 10.3
Crossbows      | 1 2 3 5 6 7 8 9 10 | 10.3
Throwing       | 1 2 3 5 6 7 8 9 10 | 10.3
Armour         | 1 2 3 5 6 7 8 9 10 | 10.3
Shields        | 1 2 3 5 6 7 8 9 10 | 10.3
Unarmed Combat | 1 2 3 5 6 7 8 9 10 | 10.3
Evocations     | 1 2 3 5 6 7 8 9 10 | 10.3
Hexes          | 1 2 3 4 5 6 7 8 |  8.7
Summonings     | 1 2 3 4 5 6 7 8 |  8.7
Necromancy     | 1 2 3 4 5 6 7 8 |  8.7
Translocations | 1 2 3 4 5 6 7 8 |  8.7
Transmutations | 1 2 3 4 5 6 7 8 |  8.7
Fire Magic     | 1 2 3 4 5 6 7 8 |  8.7
Ice Magic      | 1 2 3 4 5 6 7 8 |  8.7
Air Magic      | 1 2 3 4 5 6 7 8 |  8.7
Earth Magic    | 1 2 3 4 5 6 7 8 |  8.7
Poison Magic   | 1 2 3 4 5 6 7 8 |  8.7
Dodging        | 5 6 7 8 9 10 11 | 11.2
Stealth        | 5 6 7 8 9 10 11 | 11.1
Conjurations   | 8 9 10 11 | 11.1

Action                   |  1- 3 |  4- 6 |  7- 9 | 10-12 | 13-15 || total
-------------------------+-------+-------+-------+-------+-------++-------
Melee: Unarmed           |     1 |       |       |       |       ||     1
       Short sword       |       |     6 |    34 |    39 |       ||    79
       Bite              |       |       |     1 |     7 |    54 ||    62
       Staff             |       |       |       |    67 |   846 ||   913
 Cast: Magic Dart        |    40 |       |       |       |     1 ||    41
       Searing Ray       |    15 |    52 |    69 |   114 |   140 ||   390
       Iskenderun's Myst |       |       |    11 |    33 |     9 ||    53
       Olgreb's Toxic Ra |       |       |       |    11 |    78 ||    89
       Invisibility      |       |       |       |     4 |    34 ||    38
Invok: Curse Item        |       |       |     4 |     3 |     5 ||    12
       Shatter the Chain |       |       |       |     1 |     1 ||     2
Evoke: Tin of tremorston |       |       |       |       |     2 ||     2
       Condenser vane    |       |       |       |       |     1 ||     1
  Use: Scroll            |       |     2 |     1 |     5 |     8 ||    16
       Potion            |       |       |     1 |       |       ||     1
 Stab: Sleeping          |       |       |     8 |     8 |     4 ||    20
       Invisible         |       |       |       |     5 |    64 ||    69
       Distracted        |       |       |       |       |     2 ||     2
Armor: Robe              |     1 |     3 |    35 |    19 |       ||    58
       Steam dragon scal |       |       |       |    77 |   349 ||   426
Dodge: Dodged            |     7 |    24 |    68 |   310 |   825 ||  1234
Block: Buckler           |       |       |    15 |    97 |   358 ||   470
